Map: 虚拟幻境-天梯版

Players

llllllllllll

  • Race: Zerg Zerg
  • League: Grandmaster
  • Spawn Location: 11:00

llllllllll - Winner!

  • Race: Terran Terran
  • League: Grandmaster
  • Spawn Location: 5:00

VOD

Have the link to the VOD?

Description

Time

  • Played on: May 1, 2020, 1:49 p.m.
  • Length: 5:23
Show
View Real Time Build Order
Export as new Build Order

llllllllllll Zerg 

Build Orders: Pool First 

Get SALT Encoding   

  12  0:00  Drone  
  13  0:13  Overlord  
  13  0:16  Drone  
  14  0:31  Drone x2  
  14  0:35  Drone  
  17  0:46  Spawning Pool, Extractor  
  15  0:50  Drone  
  16  0:58  Drone  
  17  1:14  Hatchery  
  17  1:17  Drone  
  17  1:21  Drone  
  18  1:33  Zergling x2  
  18  1:34  Queen  
  21  1:40  Drone  
  22  1:50  Overlord  
  22  2:05  Metabolic Boost  
  22  2:09  Queen, Drone  
  26  2:15  Zergling x2  
  26  2:24  Drone  
  26  2:25  Queen  
  26  2:26  Drone  
  30  2:33  Drone  
  31  2:38  Drone  
  31  2:43  Drone x2  
  31  2:44  Overlord  
  34  2:49  Drone  
  34  2:50  Zergling x2  
  36  2:57  Lair  
  36  3:02  Overlord  
  37  3:05  Drone  
  37  3:10  Drone  
  37  3:11  Drone  
  39  3:16  Queen  
  39  3:19  Drone  
  42  3:21  Drone  
  42  3:24  Drone x2  
  45  3:32  Drone x2  
  47  3:34  Drone x3  
  47  3:40  Drone  
  51  3:44  Overlord  
  50  3:51  Hatchery  
  49  3:56  Extractor  
  49  3:58  Zergling x4, Extractor  
  49  3:59  Drone x2  
  49  4:00  Overseer  
  51  4:04  Drone  
  51  4:05  Drone  
  51  4:07  Drone x2  
  51  4:09  Zergling x2  
  56  4:11  Overlord  
  56  4:17  Baneling Nest  
  56  4:19  Zergling x2  
  56  4:23  Spore Crawler  
  55  4:27  Queen  
  55  4:30  Zergling x4  
  59  4:34  Zergling x6  
  62  4:38  Zergling x2  
  62  4:39  Zergling x2  
  62  4:45  Zergling x2  
  62  4:46  Zergling x4  
  56  4:56  Zergling x6  
  56  4:59  Zergling x2  
  55  5:02  Zergling x2  
Show
View Real Time Build Order
Export as new Build Order

llllllllll Terran - Winner!

Build Orders: Hellion Opening, Liberator Opening, Reaper Expand 

Get SALT Encoding   

  12  0:01  SCV  
  13  0:14  SCV  
  14  0:17  Supply Depot  
  14  0:26  SCV  
  15  0:38  SCV  
  15  0:40  Barracks  
  16  0:44  Refinery  
  16  0:50  SCV  
  17  1:02  SCV  
  18  1:15  SCV  
  19  1:27  Reaper, Orbital Command  
  20  1:39  Command Center  
  20  1:47  Supply Depot  
  20  1:52  SCV  
  21  1:59  Marine  
  22  2:05  SCV  
  23  2:11  Factory  
  23  2:17  SCV  
  24  2:22  Barracks Reactor  
  24  2:25  Refinery  
  24  2:29  SCV  
  25  2:41  SCV  
  26  2:53  SCV  
  26  2:56  Starport  
  27  3:00  Orbital Command  
  27  3:04  Hellion x2  
  31  3:06  SCV  
  31  3:09  Marine  
  33  3:18  SCV  
  34  3:26  Hellion x2  
  39  3:27  SCV, Marine  
  39  3:28  Supply Depot  
  39  3:30  SCV  
  41  3:34  Armory  
  41  3:37  Medivac  
  43  3:45  Marine  
  43  3:47  Hellion  
  46  3:50  Hellion  
  46  3:53  SCV x2  
  50  4:03  Supply Depot  
  50  4:05  SCV  
  50  4:06  Liberator  
  54  4:20  Supply Depot  
  54  4:24  SCV x2, Hellion x2  
  54  4:28  Barracks Tech Lab  
  60  4:36  SCV x2  
  61  4:48  SCV, Hellion  
  65  4:55  SCV  
  65  4:56  Barracks  
  65  4:58  Command Center  
  63  5:02  SCV  
  66  5:08  SCV  
Tags
 
Add a new tag
Caveats
  • Supply blocks, unpowered buildings, or Contaminate may cause inaccurate times.
  • Supply counts are checked every 10 seconds.